PA
MANCELONA TORCH @ WASHINGTON GENERALS
08/07/2034
 
TOP OF THE 1ST
Mancelona Torch batting - Pitching for Washington Generals : RHP Ramón Gálvez
Pitching: RHP Ramón Gálvez
Batting: LHB Charles Godard 0-0: Called Strike
0-1: Ball
1-1: Ground out 4-3 (Groundball, 4)
Batting: LHB Ed Holte 0-0: Called Strike
0-1: Swinging Strike
0-2: Ground out 5-3 (Groundball, 56S)
Batting: LHB Basava Puri 0-0: Foul Ball, location: 2F
0-1: Foul Ball, location: 2F
0-2: DOUBLE (Flyball, 8LXD)
Batting: SHB Arend van der Veen 0-0: Ball
1-0: DOUBLE (Line Drive, 9LM)
Basava Puri scores
Batting: LHB Duncan Witteman 0-0: Ball
1-0: Ground out U3 (Groundball, 3)
Top of the 1st over - 1 run, 2 hits, 0 errors, 1 left on base; Mancelona 1 - Washington 0
BOTTOM OF THE 1ST
Washington Generals batting - Pitching for Mancelona Torch : LHP John Penton
Pitching: LHP John Penton
Batting: RHB Eun-bum Song 0-0: SINGLE (Groundball, 5) (infield hit)
Batting: RHB Charles Atkinson 0-0: Ball
1-0: Called Strike
1-1: Ball
2-1: Foul Ball, location: 2F
2-2: Foul Ball, location: 2F
2-2: Ball
3-2: Fly out, F8 (Line Drive, 8RS)
Batting: RHB Fernando Acevedo 0-0: Called Strike
0-1: Ball
1-1: Ball
2-1: SINGLE (Groundball, 56) (infield hit)
Eun-bum Song to second
Batting: RHB Ashton Bailey 0-0: Called Strike
0-1: Foul Ball, location: 2F
0-2: Ball
1-2: Ball
2-2: Ball
3-2: Strikes out looking
Fernando Acevedo is caught stealing 2nd base
Batter strikes out.
Bottom of the 1st over - 0 runs, 2 hits, 0 errors, 1 left on base; Mancelona 1 - Washington 0
TOP OF THE 2ND
Mancelona Torch batting - Pitching for Washington Generals : RHP Ramón Gálvez
Batting: RHB Magtanggol Florencio 0-0: SINGLE (Flyball, 89S)
Batting: RHB Marty Aspen 0-0: Ball
1-0: Fly out, F9 (Flyball, 89S)
Batting: RHB Hjalmar Bisseling 0-0: Called Strike
0-1: Ball
1-1: Swinging Strike
1-2: Ball
2-2: Ball
3-2: SINGLE (Groundball, 56D)
Magtanggol Florencio to second
Batting: SHB Carlos Morales 0-0: Fielders Choice at 2nd, 4-6 (Groundball, 34)
Magtanggol Florencio to third
Batting: LHB Charles Godard 0-0: Ball
1-0: Called Strike
1-1: Swinging Strike
1-2: Ground out 1-3 (Groundball, 13S)
Top of the 2nd over - 0 runs, 2 hits, 0 errors, 2 left on base; Mancelona 1 - Washington 0
BOTTOM OF THE 2ND
Washington Generals batting - Pitching for Mancelona Torch : LHP John Penton
Batting: RHB Robin Padilla 0-0: Ball
1-0: Foul Ball, location: 2F
1-1: DOUBLE (Flyball, 8LXD)
Batting: RHB Wen-hua Zhào 0-0: Ball
1-0: Swinging Strike
1-1: Foul Ball, location: 2F
1-2: Ground out 6-3 (Groundball, 6)
Batting: RHB Abel Murphy 0-0: Called Strike
0-1: Ball
1-1: Foul Ball, location: 2F
1-2: Strikes out swinging
Batting: RHB Raúl Ocasio 0-0: Ball
1-0: Ball
Wild Pitch!
Robin Padilla to third
2-0: Foul Ball, location: 2F
2-1: Called Strike
2-2: DOUBLE (Groundball, 5L)
Robin Padilla scores
Batting: LHB Mike O'Neil 0-0: Ball
1-0: Ball
2-0: Fly out, F7 (Line Drive, 7S)
Bottom of the 2nd over - 1 run, 2 hits, 0 errors, 1 left on base; Mancelona 1 - Washington 1
TOP OF THE 3RD
Mancelona Torch batting - Pitching for Washington Generals : RHP Ramón Gálvez
Batting: LHB Ed Holte 0-0: Called Strike
0-1: Foul Ball, location: 2F
0-2: Ball
1-2: Ball
2-2: Fly out, F9 (Flyball, 9S)
Batting: LHB Basava Puri 0-0: Swinging Strike
0-1: Ball
1-1: Ball
2-1: Swinging Strike
2-2: Fly out, F9 (Line Drive, 9LM)
Batting: SHB Arend van der Veen 0-0: Ball
1-0: Ball
2-0: Ball
3-0: Called Strike
3-1: Foul Ball, location: 2F
3-2: Fly out, F9 (Flyball, 89D)
Top of the 3rd over - 0 runs, 0 hits, 0 errors, 0 left on base; Mancelona 1 - Washington 1
BOTTOM OF THE 3RD
Washington Generals batting - Pitching for Mancelona Torch : LHP John Penton
Batting: RHB Eun-bum Song 0-0: Foul Ball, location: 2F
0-1: Fly out, F7 (Flyball, 7LM)
Batting: RHB Charles Atkinson 0-0: Ball
1-0: Called Strike
1-1: Ball
2-1: Fly out, F7 (Line Drive, 7D)
Batting: RHB Fernando Acevedo 0-0: Ball
1-0: Ball
2-0: Called Strike
2-1: SINGLE (Groundball, 56S) (infield hit)
Batting: RHB Ashton Bailey Pickoff Throw to First - Error! E1
Fernando Acevedo to second
0-0: Ball
1-0: Ball
2-0: Called Strike
2-1: SINGLE (Groundball, 3D)
Fernando Acevedo to third
Runner from 3rd tries for Home, SAFE, no throw
Batting: RHB Robin Padilla 0-0: Foul Ball, location: 2F
0-1: Ball
1-1: Ground out 3-1 (Groundball, 34S)
Bottom of the 3rd over - 1 run, 2 hits, 1 error, 1 left on base; Mancelona 1 - Washington 2
TOP OF THE 4TH
Mancelona Torch batting - Pitching for Washington Generals : RHP Ramón Gálvez
Batting: LHB Duncan Witteman 0-0: Ball
1-0: Ball
2-0: Swinging Strike
2-1: Swinging Strike
2-2: Ball
3-2: Base on Balls
Batting: RHB Magtanggol Florencio 0-0: Called Strike
0-1: Ball
1-1: Called Strike
1-2: Ball
2-2: Foul Ball, location: 2F
2-2: Ball
3-2: Grounds into double play, 6-4-3 (Groundball, 6)
Batting: RHB Marty Aspen 0-0: Foul Ball, location: 2F
0-1: Ball
1-1: Foul Ball, location: 2F
1-2: Ball
2-2: Hit by Pitch
Batting: RHB Hjalmar Bisseling 0-0: Ball
1-0: Fielders Choice at 2nd, 5-4 (Groundball, 56)
Top of the 4th over - 0 runs, 0 hits, 0 errors, 1 left on base; Mancelona 1 - Washington 2
BOTTOM OF THE 4TH
Washington Generals batting - Pitching for Mancelona Torch : LHP John Penton
Batting: RHB Wen-hua Zhào 0-0: Called Strike
0-1: Ball
1-1: Bunt missed!
1-2: Ball
2-2: Ball
3-2: Fly out, F5 (Line Drive, 5)
Batting: RHB Abel Murphy 0-0: Foul Ball, location: 2F
0-1: Ball
1-1: Foul Ball, location: 2F
1-2: Foul Ball, location: 2F
1-2: Ball
2-2: Strikes out swinging
Batting: RHB Raúl Ocasio 0-0: Ball
1-0: Ball
2-0: Called Strike
2-1: Called Strike
2-2: Ball
3-2: Base on Balls
Batting: LHB Mike O'Neil 0-0: Called Strike
Raúl Ocasio steals 2nd base
0-1: Ball
1-1: Ball
2-1: Called Strike
2-2: Strikes out swinging
Bottom of the 4th over - 0 runs, 0 hits, 0 errors, 1 left on base; Mancelona 1 - Washington 2
TOP OF THE 5TH
Mancelona Torch batting - Pitching for Washington Generals : RHP Ramón Gálvez
Batting: SHB Carlos Morales 0-0: Called Strike
0-1: Ball
1-1: SINGLE (Popup, 3D)
Batting: LHB Charles Godard 0-0: Ball
1-0: SINGLE (Line Drive, 4M)
Carlos Morales to second
Batting: LHB Ed Holte 0-0: Ball
1-0: Foul Ball, location: 2F
1-1: Ball
2-1: Foul Ball, location: 2F
2-2: Foul Ball, location: 2F
2-2: Foul Ball, location: 2F
2-2: Ball
3-2: Fly out, F7 (Flyball, 7S)
Batting: LHB Basava Puri 0-0: Called Strike
0-1: Ball
1-1: Foul Ball, location: 2F
1-2: Foul Ball, location: 2F
1-2: Foul Ball, location: 2F
1-2: Fielders Choice at 2nd, 4-6 (Groundball, 4)
Carlos Morales to third
Batting: SHB Arend van der Veen 0-0: Swinging Strike
0-1: Foul Ball, location: 2F
0-2: Fly out, F8 (Line Drive, 78M)
Top of the 5th over - 0 runs, 2 hits, 0 errors, 2 left on base; Mancelona 1 - Washington 2
BOTTOM OF THE 5TH
Washington Generals batting - Pitching for Mancelona Torch : LHP John Penton
Batting: RHB Eun-bum Song 0-0: Called Strike
0-1: Called Strike
0-2: Ball
1-2: Ball
2-2: Ball
3-2: Foul Ball, location: 2F
3-2: Foul Ball, location: 2F
3-2: Base on Balls
Batting: RHB Charles Atkinson 0-0: Sac Bunt - play at first, batter OUT! 1-3
Eun-bum Song to second
Batting: RHB Fernando Acevedo 0-0: Called Strike
0-1: Ball
Wild Pitch!
Eun-bum Song to third
1-1: Foul Ball, location: 2F
1-2: Fly out, F7 (Flyball, 7LS)
Runner from 3rd tags up, OUT at HOME
Bottom of the 5th over - 0 runs, 0 hits, 0 errors, 0 left on base; Mancelona 1 - Washington 2
TOP OF THE 6TH
Mancelona Torch batting - Pitching for Washington Generals : RHP Ramón Gálvez
Batting: LHB Duncan Witteman 0-0: Fly out, F8 (Flyball, 8RD)
Batting: RHB Magtanggol Florencio 0-0: Foul Ball, location: 2F
0-1: Swinging Strike
0-2: Strikes out swinging
Batting: RHB Marty Aspen 0-0: Called Strike
0-1: Ball
1-1: Swinging Strike
1-2: Strikes out looking
Top of the 6th over - 0 runs, 0 hits, 0 errors, 0 left on base; Mancelona 1 - Washington 2
BOTTOM OF THE 6TH
Washington Generals batting - Pitching for Mancelona Torch : LHP John Penton
Pitching: RHP Chris Stambaugh
Batting: RHB Ashton Bailey 0-0: Ball
1-0: Ball
2-0: Foul Ball, location: 2F
2-1: Ball
3-1: Foul Ball, location: 2F
3-2: Strikes out swinging
Batting: RHB Robin Padilla 0-0: Ball
1-0: Foul Ball, location: 2F
1-1: Ball
2-1: Ground out 6-3 (Groundball, 6)
Batting: RHB Wen-hua Zhào 0-0: Ball
1-0: Ball
2-0: Ball
3-0: Called Strike
3-1: Base on Balls
Batting: RHB Abel Murphy 0-0: Ball
1-0: Ball
2-0: Ball
3-0: Called Strike
3-1: Foul Ball, location: 2F
3-2: Ground out 4-3 (Groundball, 34)
Bottom of the 6th over - 0 runs, 0 hits, 0 errors, 1 left on base; Mancelona 1 - Washington 2
TOP OF THE 7TH
Mancelona Torch batting - Pitching for Washington Generals : RHP Ramón Gálvez
Batting: RHB Hjalmar Bisseling 0-0: Ball
1-0: Swinging Strike
1-1: Foul Ball, location: 2F
1-2: SOLO HOME RUN (Flyball, 78XD), Distance : 421 ft
Batting: SHB Carlos Morales 0-0: Called Strike
0-1: Foul Ball, location: 2F
0-2: Ball
1-2: Foul Ball, location: 2F
1-2: Ball
2-2: Fly out, F8 (Flyball, 8RM)
Batting: LHB Charles Godard 0-0: Called Strike
0-1: SINGLE (Flyball, 78S)
Batting: LHB Ed Holte 0-0: Ball
Charles Godard is caught stealing 2nd base
1-0: Ball
2-0: Foul Ball, location: 2F
2-1: Foul Ball, location: 2F
2-2: Strikes out swinging
Top of the 7th over - 1 run, 2 hits, 0 errors, 0 left on base; Mancelona 2 - Washington 2
BOTTOM OF THE 7TH
Washington Generals batting - Pitching for Mancelona Torch : RHP Chris Stambaugh
Batting: RHB Raúl Ocasio 0-0: Fly out, F8 (Flyball, 89M)
Batting: LHB Mike O'Neil 0-0: Fly out, F7 (Flyball, 7D)
Batting: RHB Eun-bum Song 0-0: Swinging Strike
0-1: Ball
1-1: SINGLE (Groundball, 56) (infield hit)
Batting: RHB Charles Atkinson 0-0: Called Strike
Eun-bum Song steals 2nd base
0-1: Foul Ball, location: 2F
0-2: Ball
1-2: Ball
2-2: Ball
3-2: Strikes out swinging
Bottom of the 7th over - 0 runs, 1 hit, 0 errors, 1 left on base; Mancelona 2 - Washington 2
TOP OF THE 8TH
Mancelona Torch batting - Pitching for Washington Generals : RHP Ramón Gálvez
Pitching: LHP Ryan Carr
Pinch Hitting: RHB Wen Chua 0-0: Ball
1-0: Fly out, F8 (Flyball, 8RD)
Batting: SHB Arend van der Veen 0-0: Swinging Strike
0-1: Ball
1-1: Ball
2-1: Ball
3-1: Called Strike
3-2: Fly out, F8 (Line Drive, 8RM)
Batting: LHB Duncan Witteman 0-0: Called Strike
0-1: Ball
1-1: Ball
2-1: Swinging Strike
2-2: Strikes out swinging
Top of the 8th over - 0 runs, 0 hits, 0 errors, 0 left on base; Mancelona 2 - Washington 2
BOTTOM OF THE 8TH
Washington Generals batting - Pitching for Mancelona Torch : RHP Chris Stambaugh
Now in LF: Wen Chua
Batting: RHB Fernando Acevedo 0-0: Foul Ball, location: 2F
0-1: Called Strike
0-2: Strikes out swinging
Batting: RHB Ashton Bailey 0-0: Ball
1-0: Ball
2-0: Called Strike
2-1: SINGLE (Groundball, 56D)
Batting: RHB Robin Padilla 0-0: Fly out, F8 (Flyball, 89D)
Batting: RHB Wen-hua Zhào 0-0: Ball
1-0: Ball
2-0: SINGLE (Groundball, 6MD)
Ashton Bailey to second
Runner from 2nd tries for 3rd, SAFE, no throw
Batting: RHB Abel Murphy 0-0: Ground out 6-3 (Groundball, 6MD)
Bottom of the 8th over - 0 runs, 2 hits, 0 errors, 2 left on base; Mancelona 2 - Washington 2
TOP OF THE 9TH
Mancelona Torch batting - Pitching for Washington Generals : LHP Ryan Carr
Pitching: RHP Milton Mathews
Batting: RHB Magtanggol Florencio 0-0: Called Strike
0-1: Hit by Pitch
Batting: RHB Marty Aspen 0-0: Bunted foul
0-1: Sac Bunt - play at first, batter OUT! 2-4
Magtanggol Florencio to second
Pinch Hitting: LHB Jesús Encarnación 0-0: Intentional Walk
Batting: SHB Carlos Morales 0-0: Called Strike
0-1: Ball
1-1: Ball
2-1: Foul Ball, location: 2F
2-2: Ball
3-2: Base on Balls
Magtanggol Florencio to third
Jesús Encarnación to second
Batting: LHB Charles Godard 0-0: Grounds into fielders choice 6-2 (Groundball, 6)
Jesús Encarnación to third
Carlos Morales to second
Batting: LHB Ed Holte 0-0: Called Strike
0-1: Ball
1-1: Fly out, F9 (Flyball, 9LS)
Top of the 9th over - 0 runs, 0 hits, 0 errors, 3 left on base; Mancelona 2 - Washington 2
BOTTOM OF THE 9TH
Washington Generals batting - Pitching for Mancelona Torch : RHP Chris Stambaugh
Pitching: LHP Melvin Conner
Now at 1B: Bryan Uchacz
Batting: RHB Raúl Ocasio 0-0: Ball
1-0: Called Strike
1-1: SINGLE (Groundball, 6D)
Pinch Hitting: RHB Dale Clark 0-0: Bunt missed!
0-1: Ball
1-1: Bunted foul
1-2: Foul Ball, location: 2F
1-2: Ball
2-2: Ball
3-2: SINGLE (Groundball, 56) (infield hit)
Raúl Ocasio to second
Batting: RHB Eun-bum Song 0-0: Ball
1-0: Sac Bunt - play at first, batter OUT! U3
Raúl Ocasio to third
Dale Clark to second
Batting: RHB Charles Atkinson 0-0: Intentional Walk
Batting: RHB Fernando Acevedo 0-0: Ball
1-0: Called Strike
1-1: Ball
2-1: Ball
3-1: Base on Balls
Raúl Ocasio scores
Dale Clark to third
Charles Atkinson to second
Friday, March 29th, 2019 - OOTP Baseball 18.8 Build 76